 Dungeon Crawl Stone Soup version 0.30-a0-586-g23e55c9e0a (webtiles) character file.

Game seed: 1327421783755949273

65 Citaku the Shield-Bearer (level 3, -1/33 HPs)
             Began as a Minotaur Fighter on Jan 2, 2023.
             Slain by an orc wizard
             ... wielding a +2 dagger of electrocution
              (3 damage)
             ... on level 3 of the Dungeon.
             The game lasted 00:03:39 (1649 turns).

Citaku the Shield-Bearer (Minotaur Fighter)         Turns: 1649, Time: 00:03:40

Health: -1/33      AC:  7    Str: 20    XL:     3   Next: 94%
Magic:  2/2        EV:  9    Int: 11    God:
Gold:   196        SH:  4    Dex: 11    Spells: 2/2 levels left

rFire   . . .      SeeInvis .    a - +0 war axe
rCold   . . .      Faith    .    c - +0 buckler
rNeg    . . .      Spirit   .    b - +0 scale mail
rPois   .          Reflect  .    (helmet restricted)
rElec   .          Harm     .    (no cloak)
rCorr   .          Rampage  .    (no gloves)
Will    .....                    (no boots) Stlth
                                 (no amulet)
HPRegen 0.25/turn                e - +6 ring of intelligence
MPRegen 0.08/turn                (no ring)

@: no status effects
A: horns 2, retaliatory headbutt
a: no special abilities


You were on level 3 of the Dungeon.
You visited 1 branch of the dungeon, and saw 3 of its levels.

You collected 196 gold pieces.

Inventory:

Hand Weapons
 a - a +0 war axe (weapon)
Armour
 b - a +0 scale mail (worn)
 c - a +0 buckler (worn)
Jewellery
 e - a +6 ring of intelligence (left hand)
Scrolls
 f - 2 scrolls of teleportation {unknown}
 g - a scroll of fog {unknown}
 i - 7 scrolls of identify {unknown}
 k - a scroll of enchant armour {unknown}
 l - a scroll of blinking {unknown}
 r - a scroll of immolation {unknown}
Potions
 d - a potion of might
 h - a potion of flight {unknown}
 j - 4 potions of curing {unknown}
 m - 2 potions of brilliance {unknown}
 n - a potion of haste {unknown}
 o - a potion of magic {unknown}
 p - a potion of invisibility {unknown}
 q - a potion of heal wounds {unknown}


   Skills:
 + Level 4.2 Fighting
 + Level 3.4 Axes
 + Level 4.2 Armour
 + Level 4.3 Shields


You had 2 spell levels left.
You didn't know any spells.
Your spell library was empty.

Dungeon Overview and Level Annotations

Branches:
Dungeon (3/15)

Altars:

Shops:
D:3 :


Innate Abilities, Weirdness & Mutations

You have a pair of horns on your head.
You reflexively headbutt those who attack you in melee.


Message History

There is an open door here.
You open the door.
There is an open door here.
An orc comes into view. It is wielding a +2 heavy hand axe.
The orc shouts!
You hear a shout!
An orc comes into view. It is wielding a +0 club.
There is an open door here.
The orc hits you with a +2 heavy hand axe.
You closely miss the orc. You headbutt the orc.
The orc is moderately wounded.
The orc hits you with a +2 heavy hand axe.
You hit the orc.
You kill the orc!
There is an open door here.
Things that are here:
a +2 heavy hand axe; an orc corpse An orc wizard comes into view.
It is wielding a +2 dagger of electrocution.
The orc shouts!
The orc wizard shouts!
Found an escape hatch in the ceiling.
The orc wizard gestures wildly while chanting.
The orc wizard flickers and vanishes!
Deactivating autopickup; reactivate with Ctrl-A.
There is an open door here.
Things that are here:
a +2 heavy hand axe; an orc corpse You block the orc's attack.
You slash the orc!
You kill the orc!
You closely miss something. You block something's attack.
You hear some strange, mumbled words.
A puff of flame appears from out of thin air!
The puff of flame hits you!
You closely miss something. Your headbutt misses something. Something hits you.
You are electrocuted!!
Ouch! That really hurt!
* * * LOW HITPOINT WARNING * * *
You barely miss something. Something hits you.
* * * LOW HITPOINT WARNING * * *
You miss something. Something hits you.
You die...

..# ..# ..# ### ###
<.. .## #####+## #.#
..## #......# #..#
#..# #......####..#
##.# #..)...##...#
#.# #.....@{..###
#.########.†....####
#.)......+......#####
#.#.######......'...#
#..........)....###.#
#######.#.#...### #.#
#.#∩..### #.#
#.###>#######.#
#.............#


There were no monsters in sight!

Vanquished Creatures
  An adder (D:2)
  A worm (D:3)
  A dart slug (D:2)
  3 orcs (D:3)
  5 bats
  3 endoplasms
  A giant cockroach (D:3)
  5 goblins
  7 hobgoblins
  6 kobolds
  2 quokkas
  A ball python (D:3)
  2 frilled lizards
  8 rats
46 creatures vanquished.

Notes
Turn   | Place    | Note
-------+----------+-------------------------------------------
     0 | D:1      | Citaku the Minotaur Fighter began the quest for the Orb.
     0 | D:1      | Reached XP level 1. HP: 19/19 MP: 0/0
   127 | D:1      | Reached XP level 2. HP: 27/27 MP: 1/1
   394 | D:1      | Found a faded altar of an unknown god.
   786 | D:2      | Reached XP level 3. HP: 33/33 MP: 2/2
  1582 | D:3      | Found Aligolon's Book Shoppe.
  1649 | D:3      | Slain by an orc wizard

Illustrated notes

Levels and vault maps discovered:
D:1:      scummos_arrival_checkerplants, layout_rooms,
          dreamdust_ecumenical_altar_hidden_monk_grotto
D:2:      layout_loops_ring
D:3:      layout_basic, serial_shops, shop, kennysheep_generic_room_8

Skill      XL: |  1  2 |
---------------+-------+-----
Shields        | 4 |  4.3
Fighting       | 4 |  4.2
Axes           | 3 |  3.4
Armour         | 4 |  4.2

Action                   || total
-------------------------++-------
Melee: War axe           ||    71
       Headbutt          ||     6
Armor: Scale mail        ||    34
Dodge: Dodged            ||    44
Block: Buckler           ||    22

Table legend: (Time is in decaauts)
 A = Elapsed time spent in this place.
 B = Non-inter-level travel time spent in this place.
 C = Inter-level travel time spent in this place.
 D = Time resting spent in this place.
 E = Time spent auto-exploring this place.
 F = Levels seen in this place.
 G = Mean time per level.
                   A        B        C        D        E       F      G
               +--------+--------+--------+--------+--------+-----+--------+
         Total |   1673 |   1673 |      0 |      0 |   1199 |   3 |  557.7 |
       Dungeon |   1673 |   1673 |      0 |      0 |   1199 |   3 |  557.7 |
               +--------+--------+--------+--------+--------+-----+--------+

Top non-repeatable levels by time:
     D:2: 706 daAuts
     D:1: 643 daAuts
     D:3: 324 daAuts
